 Dungeon Crawl Stone Soup version 0.30.1-11-g7821555f0a (webtiles) character file.

Game seed: 13499871163864175975

1 comborobin the Sneak (level 1, 0/19 HPs)
             Began as a Hill Orc Delver on Dec 23, 2023.
             Slain by a jackal (2 damage)
             ... on level 4 of the Dungeon.
             The game lasted 00:00:24 (146 turns).

comborobin the Sneak (Hill Orc Delver)               Turns: 146, Time: 00:00:25

Health: 0/19       AC:  3    Str: 14    XL:     1   Next: 20%
Magic:  1/1        EV: 11    Int: 10    God:
Gold:   0          SH:  0    Dex: 12    Spells: 0/0 levels left

rFire   . . .        a - +0 hand axe
rCold   . . .        (no shield)
rNeg    . . .        b - +0 leather armour
rPois   .            (no helmet)
rElec   .            (no cloak)
rCorr   .            (no gloves)
SInv    .            (no boots)
Will    .....        (no amulet)
Stlth   ++           (no ring)
HPRegen 0.23/turn    (no ring)
MPRegen 0.07/turn

%: no passive effects
@: no status effects
A: no striking features
a: no special abilities


You were on level 4 of the Dungeon.
You visited 1 branch of the dungeon, and saw 2 of its levels.

Inventory:

Hand Weapons
 a - a +0 hand axe (weapon)
Armour
 b - a +0 leather armour (worn)
Magical Staves
 h - a staff of poison
Wands
 g - a wand of digging (3)
Scrolls
 c - a scroll of fog
 d - a scroll of magic mapping
Potions
 e - 2 potions of ambrosia {unknown}
 f - a potion of haste
Miscellaneous
 i - a piece from Xom's chessboard (14/15)


   Skills:
 - Level 3.6 Fighting
 + Level 2.9 Axes
 - Level 1.5 Dodging
 - Level 4.1 Stealth


You couldn't memorise any spells.
You didn't know any spells.
Your spell library was empty.

Dungeon Overview and Level Annotations

Branches:
Dungeon (5/15)
 Temple: D:4-7

Altars:
Xom


Message History

Aim: a jackal (about 47% to evade your +0 hand axe)
You hit the jackal.
The jackal is heavily wounded.
You hit the jackal. You hit the jackal but do no damage. The jackal misses you.
The jackal closely misses you. The jackal bites you. x2
The jackal bites you but does no damage.
The jackal barely misses you.
Unknown command.
Press < or > to pray at altars.
Cleave: a) +0 hand axe
Press: ? - help, Dir - move target, f/p - jackal
Aim: a jackal (heavily wounded, about 47% to evade your +0 hand axe)
You barely miss the jackal.
The jackal is heavily wounded.
You hit the jackal but do no damage. You barely miss the jackal.
The jackal closely misses you. The jackal bites you.
* * * LOW HITPOINT WARNING * * *
The jackal misses you. The jackal bites you.
* * * LOW HITPOINT WARNING * * *
The jackal barely misses you. The jackal closely misses you.
Cleave: a) +0 hand axe
Press: ? - help, Dir - move target, f/p - jackal
Aim: a jackal (heavily wounded, about 47% to evade your +0 hand axe)
You hit the jackal but do no damage.
The jackal is heavily wounded.
You barely miss the jackal. x2; The jackal bites you.
* * * LOW HITPOINT WARNING * * *
The jackal closely misses you.
The jackal bites you but does no damage.
The jackal closely misses you.
Unknown command.
Press < or > to pray at altars.
Okay, then.
You make a move on Xom's chessboard...
The jackal appears confused.
The jackal bites you but does no damage.
The jackal bites you.
* * * LOW HITPOINT WARNING * * *
The jackal bites you but does no damage.
The jackal misses you. The jackal bites you.
You die...

...............####..(.
...........#...........
....##...####..........
.........# #.........#
#.......# ##.......#
##.....## #....##..#
##.....# #...##
##......#####.hhh#
#..............@.#
..................#
......#.........###
#.....#.........##
##....#.##.......#
##...#.###......##
##....###.......#
....#........## .
...............##...


You could see 3 jackals.

Vanquished Creatures
  A jackal (D:4)
1 creature vanquished.

Notes
Turn   | Place    | Note
-------+----------+-------------------------------------------
     0 | D:5      | comborobin the Hill Orc Delver began the quest for the Orb.
     0 | D:5      | Reached XP level 1. HP: 19/19 MP: 1/1
     7 | D:5      | Noticed a howler monkey
   106 | D:4      | Found a shimmering altar of Xom.
   146 | D:4      | Slain by a jackal

Illustrated notes

Levels and vault maps discovered:
D:4:      layout_layer_cave, xom_butterflies, kennysheep_vampire_church,
          st_stairs_13
D:5:      layout_basic, mainiacjoe_overflow_chevrons,
          minmay_temple_entry_junction_2

Action                     || total
---------------------------++-------
  Melee: Hand axe          ||     8
         Staff             ||     4
  Evoke: Piece from Xom's  ||     1
    Use: Scroll            ||     1
 Armour: Leather armour    ||    14
  Dodge: Dodged            ||    32
